Map: Vigía EE

Players

TuKchero

  • Race: Protoss Protoss
  • Spawn Location: 5:00

Arostegui

  • Race: Protoss Protoss
  • Spawn Location: 5:00

GIAN

  • Race: Protoss Protoss
  • Spawn Location: 6:00

MrFercho - Winner!

  • Race: Zerg Zerg
  • League: Silver
  • Spawn Location: 12:00

tigro - Winner!

  • Race: Terran Terran
  • League: Bronze
  • Spawn Location: 9:00

TATORREA - Winner!

  • Race: Protoss Protoss
  • League: Gold
  • Spawn Location: 9:00

VOD

Have the link to the VOD?

Description

Time

  • Played on: July 6, 2020, 8:36 p.m.
  • Length: 15:16
Show
View Real Time Build Order
Export as new Build Order

TuKchero Protoss 

Build Orders:  

Get SALT Encoding   

  1  0:00  Probe  
  13  0:15  Pylon  
  13  0:17  Probe  
  14  0:29  Probe  
  15  0:37  Forge  
  15  0:49  Pylon  
  15  1:12  Photon Cannon  
  14  1:20  Photon Cannon  
  14  1:32  Probe  
  14  1:34  Pylon  
  14  1:48  Probe  
  15  2:03  Probe  
  16  2:25  Photon Cannon  
  16  2:33  Photon Cannon  
  16  2:36  Photon Cannon  
  16  2:40  Pylon  
  16  3:01  Photon Cannon  
  16  3:13  Pylon  
  16  3:34  Photon Cannon  
  16  3:36  Photon Cannon  
  16  3:38  Photon Cannon  
  16  3:40  Pylon  
  16  3:48  Photon Cannon  
  16  3:51  Photon Cannon  
  16  3:58  Pylon  
  16  4:18  Photon Cannon  
  16  4:38  Photon Cannon  
  12  6:00  Pylon  
  12  6:06  Photon Cannon  
  12  6:07  Probe  
  12  6:11  Photon Cannon  
  13  6:15  Probe  
  13  6:20  Photon Cannon  
  13  6:24  Probe  
  14  6:32  Probe  
  16  6:43  Probe  
  17  7:07  Probe  
  18  7:16  Probe  
  19  7:24  Probe  
  20  7:32  Probe  
  21  7:42  Probe  
  22  7:50  Probe  
  23  7:58  Probe  
  23  8:05  Photon Cannon  
  24  8:10  Photon Cannon, Probe  
  25  8:22  Probe  
  26  8:31  Pylon  
  26  8:51  Photon Cannon  
  26  8:54  Assimilator  
  26  8:59  Probe  
  26  9:02  Assimilator  
  26  9:07  Probe  
  27  9:14  Gateway  
  28  9:17  Probe  
  28  9:19  Gateway  
  28  9:23  Gateway  
  29  9:26  Probe  
  30  9:34  Probe  
  31  9:43  Probe  
  32  9:55  Probe  
  33  10:07  Probe  
  33  10:11  Zealot x2  
  33  10:12  Zealot  
  40  10:18  Cybernetics Core  
  40  10:30  Nexus  
  40  10:39  Zealot x3  
  46  10:48  Warp Gate  
  46  11:13  Pylon  
  46  11:19  Zealot x3  
  52  11:37  Gateway  
  52  11:44  Probe  
  52  11:46  Zealot  
  54  11:52  Probe  
  56  12:02  Probe  
  56  12:04  Zealot  
  55  13:14  Gateway  
  55  13:19  Probe  
  56  13:28  Probe  
  56  13:29  Zealot  
  56  13:31  Zealot x2  
  56  13:32  Zealot  
  65  13:37  Probe  
  66  13:43  Gateway  
  66  13:49  Gateway, Probe  
  66  13:52  Gateway  
  66  13:55  Pylon  
  67  14:01  Probe  
  41  14:34  Zealot x3  
  41  14:35  Zealot x2  
Show
View Real Time Build Order
Export as new Build Order

Arostegui Protoss 

Build Orders:  

Get SALT Encoding   

  12  0:01  Probe  
  13  0:13  Probe  
  14  0:26  Probe  
  15  0:30  Pylon  
  15  0:36  Assimilator  
  15  0:48  Probe  
  16  0:59  Gateway  
  16  1:00  Probe  
  16  1:03  Gateway  
  17  1:14  Gateway  
  17  1:19  Probe  
  18  1:31  Probe  
  19  1:43  Forge, Probe  
  20  2:04  Cybernetics Core  
  20  2:17  Probe  
  20  2:19  Pylon  
  21  2:28  Nexus, Zealot  
  23  2:37  Probe  
  24  2:44  Warp Gate, Photon Cannon  
  24  2:48  Zealot  
  26  2:56  Photon Cannon  
  26  3:00  Zealot  
  28  3:08  Stalker  
  28  3:09  Assimilator  
  30  3:30  Probe  
  31  3:38  Stalker, Probe  
  33  3:42  Pylon  
  34  4:47  Stalker x2  
  34  4:48  Stalker  
  40  4:54  Pylon  
  40  5:18  Stalker x2  
  40  5:19  Stalker  
  26  5:43  Stalker x2  
  26  5:44  Stalker  
  31  6:18  Gateway  
  31  6:25  Photon Cannon  
  31  6:27  Photon Cannon  
  31  6:29  Photon Cannon  
  31  6:42  Probe  
  32  6:54  Probe  
  33  7:06  Probe  
  34  7:18  Stalker, Probe  
  34  7:21  Stalker  
  39  7:30  Probe  
  39  7:33  Stalker  
  39  7:34  Stalker  
  44  7:42  Probe  
  44  8:48  Probe  
  45  8:56  Probe  
  45  8:57  Stalker x2  
  45  8:58  Stalker x2  
  54  9:05  Probe  
  55  9:16  Probe  
  56  9:17  Probe  
  57  9:28  Probe  
  57  9:30  Probe  
  59  9:40  Probe  
  30  10:19  Stalker x2  
  30  10:20  Stalker x2  
  34  10:30  Probe  
  35  10:37  Assimilator  
  35  10:42  Assimilator, Probe x2  
  36  10:49  Pylon  
  37  10:54  Pylon, Probe  
  37  10:55  Probe  
  39  11:02  Stalker x2  
  39  11:03  Stalker x2  
  47  11:07  Probe  
  48  11:26  Photon Cannon  
  48  11:28  Photon Cannon  
  48  11:40  Photon Cannon  
  48  11:44  Photon Cannon  
  48  11:56  Pylon  
  48  11:57  Probe  
  49  12:07  Stalker x2  
  49  12:08  Stalker  
  55  12:09  Stalker, Probe  
  52  12:21  Probe  
  19  13:31  Pylon  
  19  13:34  Pylon  
  19  13:44  Stargate  
  19  13:47  Stargate  
  19  13:50  Pylon  
  19  13:58  Photon Cannon  
  19  14:02  Photon Cannon  
Show
View Real Time Build Order
Export as new Build Order

GIAN Protoss 

Build Orders: Cannon Rush 

Get SALT Encoding   

  1  0:00  Probe  
  12  0:07  Probe  
  14  0:21  Pylon  
  14  0:24  Probe  
  15  0:40  Forge  
  15  0:42  Probe  
  16  0:55  Pylon  
  16  1:16  Photon Cannon  
  16  1:18  Photon Cannon  
  16  1:26  Photon Cannon  
  16  1:37  Photon Cannon  
  16  1:41  Probe  
  17  1:53  Probe  
  18  1:56  Pylon  
  18  2:03  Pylon  
  18  2:21  Photon Cannon  
  18  2:23  Photon Cannon  
  18  2:30  Photon Cannon  
  18  2:37  Photon Cannon  
  18  2:48  Photon Cannon  
  18  2:56  Pylon  
  18  3:04  Pylon  
  18  3:16  Photon Cannon  
  18  3:21  Photon Cannon  
  18  3:31  Photon Cannon  
  18  3:40  Pylon  
  18  4:02  Photon Cannon  
  18  4:05  Photon Cannon  
  18  4:08  Pylon  
  18  4:20  Photon Cannon  
  18  4:32  Photon Cannon  
  18  4:37  Photon Cannon  
  18  4:43  Photon Cannon  
  18  4:45  Probe  
  19  4:57  Pylon  
  19  4:58  Probe  
  20  5:18  Photon Cannon  
  20  5:21  Photon Cannon  
  20  5:41  Photon Cannon  
  20  5:47  Photon Cannon  
  20  6:28  Photon Cannon  
  20  6:32  Gateway  
  20  6:35  Pylon  
  20  6:45  Photon Cannon  
  20  6:47  Photon Cannon  
  20  6:55  Photon Cannon  
  20  7:23  Nexus  
  20  7:27  Assimilator  
  18  8:18  Zealot  
  20  8:54  Probe  
  21  8:58  Probe  
  22  9:06  Probe  
  23  9:10  Probe  
  24  9:18  Probe  
  25  9:38  Pylon  
  25  9:41  Probe  
  26  9:54  Probe  
  27  10:06  Probe  
  28  10:18  Probe  
  29  10:36  Pylon  
  28  11:13  Gateway  
  28  11:15  Gateway  
  28  11:23  Gateway  
  28  11:25  Assimilator  
  28  11:30  Cybernetics Core  
  28  11:37  Photon Cannon  
  28  11:41  Photon Cannon  
  28  11:45  Photon Cannon  
  28  11:51  Photon Cannon  
  28  12:14  Pylon  
  26  12:40  Gateway  
  26  12:48  Gateway  
  26  12:53  Pylon  
  26  12:55  Photon Cannon  
  26  12:58  Gateway  
  26  13:06  Gateway  
  26  13:10  Photon Cannon  
  26  13:12  Photon Cannon  
  26  13:15  Zealot x2  
  26  13:17  Warp Gate  
  30  13:29  Probe  
  31  13:40  Zealot  
  31  13:41  Probe  
  31  13:45  Stargate  
  34  13:50  Robotics Facility  
  34  13:53  Assimilator, Probe  
  35  13:57  Probe  
  35  14:00  Zealot x4  
  36  14:05  Probe  
  36  14:07  Zealot  
  36  14:09  Probe  
Show
View Real Time Build Order
Export as new Build Order

MrFercho Zerg - Winner!

Build Orders: Pool First 

Get SALT Encoding   

  12  0:01  Drone  
  13  0:16  Overlord  
  13  0:18  Drone  
  14  0:34  Drone x2  
  16  0:44  Spawning Pool  
  16  0:47  Extractor  
  16  0:48  Drone  
  15  0:52  Drone  
  16  0:59  Drone  
  17  1:10  Drone  
  18  1:23  Drone  
  19  1:35  Hatchery  
  19  1:39  Zergling x2  
  19  1:42  Queen  
  19  1:46  Drone  
  22  2:14  Overlord  
  22  2:17  Hatchery, Drone  
  22  2:25  Overlord  
  22  2:37  Zergling x2  
  22  2:39  Metabolic Boost  
  22  2:41  Drone  
  24  2:57  Spine Crawler  
  23  2:58  Zergling x2  
  23  2:59  Zergling x6  
  23  3:05  Extractor  
  26  3:10  Drone  
  26  3:11  Drone x2  
  29  3:25  Drone x3  
  32  3:34  Drone x2  
  32  3:35  Drone  
  32  3:39  Overlord  
  35  3:55  Evolution Chamber  
  34  4:03  Spine Crawler  
  34  4:11  Spine Crawler  
  34  4:15  Zergling x16  
  41  4:17  Drone  
  41  4:19  Drone  
  41  4:21  Drone  
  44  4:27  Zerg Melee Weapons Level 1  
  44  4:30  Drone  
  45  4:32  Drone  
  45  4:35  Drone  
  47  4:45  Drone x3  
  50  4:46  Drone  
  46  5:26  Zergling x2  
  46  5:27  Zergling x16  
  48  6:03  Zergling x18  
  55  6:08  Extractor  
  55  6:11  Extractor  
  53  6:16  Queen  
  55  6:25  Baneling Nest  
  54  6:26  Zerg Ground Armor Level 1  
  54  6:35  Drone  
  54  6:36  Drone x3  
  58  6:47  Spine Crawler  
  58  6:48  Zergling x2  
  58  6:50  Spine Crawler  
  57  7:05  Spine Crawler  
  57  7:08  Pneumatized Carapace  
  56  7:10  Lair  
  56  7:14  Zergling x4  
  56  7:15  Overlord x3  
  58  7:16  Overlord x13  
  58  7:44  Drone x9  
  58  7:45  Drone  
  49  8:48  Hydralisk Den, Centrifical Hooks  
  48  8:51  Zergling x16  
  48  8:52  Zergling x16  
  64  9:05  Zerg Ground Armor Level 2  
  64  9:10  Evolution Chamber  
  64  9:12  Drone  
  64  9:20  Hatchery  
  64  9:21  Zergling x12  
  64  9:22  Zergling x6  
  72  9:25  Baneling x8  
  72  9:26  Baneling x22  
  56  10:17  Zergling x2  
  56  10:18  Zergling x20  
  56  10:21  Baneling x9  
  67  10:22  Baneling x13  
  67  10:28  Zerg Melee Weapons Level 2  
  67  10:31  Grooved Spines  
  67  10:42  Baneling x6  
  67  10:43  Baneling x16  
  67  10:46  Hatchery  
  66  11:23  Zergling x4  
  66  11:24  Zergling x32  
  84  11:36  Zergling x10  
  89  11:42  Muscular Augments  
  63  12:38  Hydralisk x16  
  63  12:39  Hydralisk x5  
  99  12:51  Zergling x2  
  99  12:52  Zergling x8  
  101  13:12  Hydralisk x6  
  95  13:45  Extractor  
  94  13:48  Extractor  
  92  14:18  Zergling x12  
  92  14:19  Zergling x18  
Show
View Real Time Build Order
Export as new Build Order

tigro Terran - Winner!

Build Orders: 2 Factory 

Get SALT Encoding   

  12  0:03  SCV  
  13  0:15  SCV  
  14  0:24  Supply Depot  
  14  0:28  SCV  
  15  0:32  Refinery  
  15  0:45  SCV  
  15  0:48  Barracks  
  16  0:57  SCV  
  17  1:07  Refinery  
  17  1:09  SCV  
  18  1:21  SCV  
  19  1:34  SCV  
  20  1:46  SCV  
  21  1:57  Factory  
  21  1:58  Marine, SCV  
  23  2:21  Supply Depot  
  23  2:42  Marine, SCV  
  23  2:43  Factory Tech Lab  
  25  2:52  Factory  
  25  2:57  Orbital Command  
  25  3:00  Marine  
  25  3:13  Siege Tank  
  25  3:18  Marine  
  29  3:36  Marine  
  30  3:45  Factory Tech Lab  
  29  3:50  Siege Tank  
  23  4:05  Siege Tank  
  1  4:56  Orbital Command  
Show
View Real Time Build Order
Export as new Build Order

TATORREA Protoss - Winner!

Build Orders:  

Get SALT Encoding   

  12  0:01  Probe  
  13  0:13  Probe  
  14  0:19  Pylon  
  14  0:25  Probe  
  15  0:35  Probe  
  15  0:41  Gateway  
  16  0:43  Probe  
  16  0:48  Assimilator  
  17  0:56  Probe  
  18  1:12  Gateway  
  15  1:52  Probe  
  14  2:00  Zealot x2  
  18  2:13  Probe  
  19  2:27  Zealot x2  
  23  3:26  Nexus  
  23  4:53  Pylon  
  23  4:58  Probe  
  23  5:06  Probe  
  20  5:08  Assimilator  
  21  5:23  Probe  
  22  5:31  Cybernetics Core  
  22  5:33  Gateway  
  22  5:35  Probe  
  23  5:46  Assimilator  
  23  5:52  Pylon, Probe  
  24  6:02  Probe  
  24  6:10  Warp Gate, Probe  
  26  6:19  Probe  
  26  6:21  Gateway  
  26  6:22  Stalker  
  29  6:31  Probe  
  30  6:49  Probe  
  30  6:52  Sentry  
  33  7:01  Nexus  
  33  7:09  Pylon, Probe  
  34  7:17  Probe  
  35  7:27  Robotics Facility  
  35  7:30  Probe  
  36  7:47  Probe  
  37  7:55  Probe  
  37  8:03  Pylon  
  37  8:05  Probe  
  38  8:06  Pylon  
  39  8:13  Pylon  
  39  8:15  Twilight Council  
  39  8:20  Forge, Probe x2  
  41  8:32  Probe x2  
  41  8:34  Stalker  
  45  8:40  Protoss Ground Weapons Level 1  
  45  8:46  Blink  
  45  8:49  Immortal  
  45  8:52  Probe  
  45  8:53  Probe  
  51  9:13  Probe x2  
  53  9:21  Assimilator  
  53  9:25  Assimilator  
  53  9:27  Probe x2  
  55  9:31  Stalker  
  55  9:32  Stalker x2  
  61  9:40  Stalker  
  63  9:57  Probe x2  
  60  10:18  Probe x2  
  58  10:21  Stalker  
  58  10:22  Stalker x3  
  58  10:26  Immortal  
  70  10:40  Gateway  
  70  10:42  Gateway  
  70  10:49  Protoss Shields Level 1  
  70  11:05  Stalker  
  70  11:06  Stalker x3  
  70  11:09  Immortal  
  82  11:17  Nexus  
  82  11:21  Pylon  
  82  11:25  Probe x2  
  84  11:33  Probe  
  84  11:34  Probe  
  86  11:44  Probe x2  
  86  11:50  Stalker  
  86  11:51  Stalker x2  
  94  12:09  Pylon  
  94  12:12  Pylon  
  94  12:16  Pylon  
  94  12:21  Pylon  
  94  12:27  Immortal, Probe x2  
  100  12:35  Probe  
  100  12:37  Probe  
  100  12:38  Forge  
  100  12:39  Probe  
  100  12:42  Forge  
  100  12:43  Probe  
  103  12:50  Probe  
  104  12:52  Assimilator  
  104  12:54  Probe  
  104  12:55  Probe  
  104  12:56  Assimilator  
  107  12:58  Gateway  
  107  13:01  Gateway  
  107  13:02  Probe  
  107  13:04  Gateway  
  108  13:06  Probe  
  108  13:10  Probe  
  110  13:14  Probe  
  110  13:18  Probe  
  112  13:23  Stalker x2  
  112  13:24  Stalker x3  
  112  13:26  Stalker  
  124  13:33  Immortal  
Tags
 
Add a new tag
Caveats
  • Supply blocks, unpowered buildings, or Contaminate may cause inaccurate times.
  • Supply counts are checked every 10 seconds.